 Dungeon Crawl Stone Soup version 0.21.0-25-ge575cb9 (webtiles) character file.

5152 tidbits the Magician (level 10, -15/86 HPs)
             Began as a Gnoll Skald on Jan 26, 2018.
             Was a Priest of Cheibriados.
             Demolished by Urug
             ... wielding a +4 demon trident
              (21 damage)
             ... on level 11 of the Dungeon.
             The game lasted 00:29:09 (2558 turns).

tidbits the Magician (Gnoll Skald)                  Turns: 2558, Time: 00:29:10

Health: -15/86     AC: 10    Str: 25    XL:     10   Next: 59%
Magic:  19/21      EV: 18    Int: 27    God:    Cheibriados [***...]
Gold:   247        SH:  0    Dex: 23    Spells: 8/23 levels left

rFire    + + .     SeeInvis .   a - +0 war axe (chop)
rCold    . . .     Gourm    .   (no shield)
rNeg     + . .     Faith    .   B - +1 leather armour {rF+}
rPois    .         Spirit   .   E - +2 helmet
rElec    .         Reflect  .   (no cloak)
rCorr    .         Harm     .   G - +0 pair of gloves
MR       .....                  C - +0 pair of boots
Stlth    ++++......             (no amulet)
HPRegen  0.24/turn              x - ring of stealth
MPRegen  0.17/turn              s - ring of the Philosopher {rN+ Str+2}

@: very slow
A: distributed training, fangs 1, fire resistance 1, robust 1, screaming 1,
strong 1, strong nose
a: Bend Time, Temporal Distortion, Renounce Religion


You were on level 11 of the Dungeon.
You worshipped Cheibriados.
Cheibriados was most pleased with you.
You were not hungry.

You visited 2 branches of the dungeon, and saw 13 of its levels.
You also visited: Bailey.

You collected 400 gold pieces.
You spent 153 gold pieces at shops.

Inventory:

Hand Weapons
 a - a +0 war axe of chopping (weapon)
   (You took it off an orc on level 4 of the Dungeon)
 g - a +0 hand axe
 j - a +0 dagger
 A - a +0 morningstar
 L - a +0 fustibalus
Missiles
 h - 63 arrows
 l - 10 tomahawks (quivered)
 n - 20 bolts
 v - 6 needles of confusion
Armour
 b - a +0 leather armour
 m - the +0 robe of the Slorg {Str+5}
   (You found it on level 5 of the Dungeon)

   It affects your strength (+5).
 B - a +1 leather armour of fire resistance (worn)
   (You took it off an orc on level 8 of the Dungeon)
 C - a +0 pair of boots (worn)
 E - a +2 helmet (worn)
 G - a +0 pair of gloves (worn)
Magical Staves
 M - an uncursed staff of air {unknown}
   (You found it on level 12 of the Dungeon)
Jewellery
 e - an uncursed ring of loudness
   (You found it on level 1 of the Dungeon)
 s - the ring of the Philosopher (right hand) {rN+ Str+2}
   (You acquired it on level 10 of the Dungeon)

   [ring of positive energy]

   It affects your strength (+2).
   It protects you from negative energy.
 x - a ring of stealth (left hand)
   (You took it off a crimson imp on level 7 of the Dungeon)
 I - an uncursed ring of flight
   (You found it on level 9 of the Dungeon)
Wands
 p - a wand of paralysis (18)
 q - a wand of clouds (4)
 y - a wand of enslavement (15)
 F - a wand of acid (3)
Scrolls
 f - a scroll of remove curse
 k - 3 scrolls of fog
 o - a scroll of torment
 u - 3 scrolls of amnesia
 w - a scroll of blinking
 D - 5 scrolls of teleportation
Potions
 i - a potion of cancellation
 r - 4 potions of curing
 z - 2 potions of degeneration
 H - 2 potions of resistance
 J - a potion of agility
Books
 c - a book of Battle

   Spells                             Type                      Level
   a - Infusion                       Charms                       1
   b - Shroud of Golubria             Charms/Translocation         2
   c - Song of Slaying                Charms                       2
   d - Spectral Weapon                Hexes/Charms                 3
   e - Regeneration                   Charms/Necromancy            3
 K - a book of Misfortune
   (You found it on level 9 of the Dungeon)

   Spells                             Type                      Level
   a - Confusing Touch                Hexes                        1
   b - Confuse                        Hexes                        3
   c - Gell's Gravitas                Translocation                3
   d - Petrify                        Transmutation/Earth          4
   e - Metabolic Englaciation         Hexes/Ice                    5
   f - Yara's Violent Unravelling     Hexes/Transmutation          5
Comestibles
 d - 16 rations


   Skills:
 + Level 7.1 Fighting
 + Level 5.3 Short Blades
 + Level 5.3 Long Blades
 + Level 7.1 Axes
 + Level 5.3 Maces & Flails
 + Level 5.3 Polearms
 + Level 5.3 Staves
 + Level 5.3 Slings
 + Level 5.3 Bows
 + Level 5.3 Crossbows
 + Level 5.3 Throwing
 + Level 6.0 Armour
 + Level 7.1 Dodging
 + Level 5.3 Stealth
 + Level 5.3 Shields
 + Level 5.3 Unarmed Combat
 + Level 7.4 Spellcasting
 + Level 4.4 Conjurations
 + Level 4.4 Hexes
 + Level 7.1 Charms
 + Level 4.4 Summonings
 + Level 4.4 Necromancy
 + Level 4.4 Translocations
 + Level 4.4 Transmutations
 + Level 4.4 Fire Magic
 + Level 4.4 Ice Magic
 + Level 4.4 Air Magic
 + Level 4.4 Earth Magic
 + Level 4.4 Poison Magic
 + Level 5.8 Invocations
 + Level 5.3 Evocations


You had 8 spell levels left.
You knew the following spells:

 Your Spells              Type           Power        Failure   Level  Hunger
e - Petrify               Tmut/Erth      ####....     10%         4    ##.....
g - Shroud of Golubria    Chrm/Tloc      #####.....   1%          2    None
i - Infusion              Chrm           ####         1%          1    None
r - Regeneration          Chrm/Necr      #####.....   1%          3    None
w - Spectral Weapon       Hex/Chrm       #####...     1%          3    None
y - Song of Slaying       Chrm           #####...     1%          2    None


Dungeon Overview and Level Annotations

Branches:
Dungeon (12/15)            Temple (1/1) D:7            Lair (0/6) D:9
    Orc: D:9-12

Altars:
Cheibriados
Gozag
Kikubaaqudgha
Okawaru
Qazlal
Ru
Trog
Vehumet
Yredelemnul
Zin
The Shining One

Shops:
D:7 [*([?   D:9 [

Annotations:
D:4 exclusion: downstairs
D:8 Gastronok
D:11 Urug


Innate Abilities, Weirdness & Mutations

Your experience applies equally to all skills.
You have very sharp teeth.
Your uncanny sense of smell can sniff out nearby items.
Your flesh is heat resistant. (rF+)
You are robust. (+10% HP)
You occasionally shout uncontrollably at your foes.
Your muscles are strong. (Str +2)


Message History

Wield which item (- for none, * to show all)? (? for menu, Esc to quit)
Your spectral weapon disappears as you unwield.
You are now empty-handed.
Your skin stops crawling.
You carefully extract the barbed spikes from your body.
Found a thin glowing staff.
Your shroud begins to fray at the edges.
You see here a scroll of identify.
As you read the scroll of identify, it crumbles to dust.
o - a scroll of torment Your shroud unravels.
You see here a thin glowing staff.
M - a thin glowing staff
Things that are here:
a short sword; a robe
Things that are here:
a spear; a robe
Items here: )) [[ a falchion; a robe; an enchanted dagger; a robe A wight comes into view.
It is wielding an enchanted scimitar.
Wield which item (- for none, * to show all)? (? for menu, Esc to quit)
a - a +0 war axe of chopping (weapon)
Casting: Spectral Weapon
Confirm with . or Enter, or press ? or * to list all spells.
You draw out your weapon's spirit!
You slash the wight!
The wight is heavily damaged.
Your spectral weapon hits the wight but does no damage.
The wight completely misses you.
You slash the wight!
You destroy the wight!
Cheibriados appreciates the change of pace.
Found a stone staircase leading up.
You feel a little less agile now.
You see here 5 gold pieces.
You now have 228 gold pieces (gained 5).
Your spectral weapon fades away.
Found a stone staircase leading up.
There is a stone staircase leading up here.
You climb upwards.
Found 33 gold pieces.
There is a stone staircase leading down here.
You see here 19 gold pieces.
You now have enough gold to buy a pair of glowing gloves on D:9.
You can access your shopping list by pressing '$'.
You now have 247 gold pieces (gained 19).
Urug the Orcish Ballista comes into view.
She is wielding an enchanted demon trident.
Wield which item (- for none, * to show all)? (? for menu, Esc to quit)
j - a +0 dagger (weapon)
The helpless Urug fails to defend herself.
You stick Urug like a pincushion!!! You bite Urug, but do no damage.
Urug is severely wounded.
Urug hits you with an enchanted demon trident!!
Wield which item (- for none, * to show all)? (? for menu, Esc to quit)
a - a +0 war axe of chopping (weapon)
Casting: Spectral Weapon
Confirm with . or Enter, or press ? or * to list all spells.
You draw out your weapon's spirit!
Urug hits you with an enchanted demon trident!!
* * * LOW HITPOINT WARNING * * *
Evoke which item? (* to show all) (? for menu, Esc to quit)
Aiming: Paralyse
Press: ? - help, Shift-Dir - straight line, f - Urug
Aim: Urug, wielding an enchanted demon trident and wearing a shiny chain mail (severely wounded, chance to defeat MR: 44%) Urug resists with almost no effort.
Urug hits you with an enchanted demon trident!!
* * * LOW HITPOINT WARNING * * *
You feel much better.
Urug hits you with an enchanted demon trident!
* * * LOW HITPOINT WARNING * * *
Evoke which item? (* to show all) (? for menu, Esc to quit)
Aiming: Paralyse
Press: ? - help, Shift-Dir - straight line, f/p - Urug
Aim: Urug, wielding an enchanted demon trident and wearing a shiny chain mail (severely wounded, chance to defeat MR: 44%) Urug resists with almost no effort.
Urug closely misses you.
Evoke which item? (* to show all) (? for menu, Esc to quit)
Aiming: Paralyse
Press: ? - help, Shift-Dir - straight line, f/p - Urug
Aim: Urug, wielding an enchanted demon trident and wearing a shiny chain mail (heavily wounded, chance to defeat MR: 44%) Urug resists with almost no effort.
Urug misses you.
Evoke which item? (* to show all) (? for menu, Esc to quit)
Aiming: Paralyse
Press: ? - help, Shift-Dir - straight line, f/p - Urug
Aim: Urug, wielding an enchanted demon trident and wearing a shiny chain mail (heavily wounded, chance to defeat MR: 44%) Urug resists with almost no effort.
Urug hits you with an enchanted demon trident!!
* * * LOW HITPOINT WARNING * * *
Okay, then.
Evoke which item? (* to show all) (? for menu, Esc to quit)
Aiming: Paralyse
Press: ? - help, Shift-Dir - straight line, f/p - Urug
Aim: Urug, wielding an enchanted demon trident and wearing a shiny chain mail (heavily wounded, chance to defeat MR: 44%) Urug resists with almost no effort.
Evoke which item? (* to show all) (? for menu, Esc to quit)
Aiming: Paralyse
Press: ? - help, Shift-Dir - straight line, f/p - Urug
Aim: Urug, wielding an enchanted demon trident and wearing a shiny chain mail (heavily wounded, chance to defeat MR: 44%) Urug resists with almost no effort.
Urug hits you with an enchanted demon trident!!
You die...

#.............#
#.............#
#..............#
###............#
#.$..........#
#..########....
#..# ....
#######..#
......(@.#
.##+####o# #.#
#.# #.# .# .# ..


You could see Urug and a friendly spectral war axe of chopping.

Vanquished Creatures
  A two-headed ogre (D:9)
  A manticore (D:12)
  A centaur skeleton (D:11)
  2 trolls
  A hippogriff (D:8)
  A yak (D:9)
  A hungry ghost (D:8)
  A soldier ant (D:12)
  2 ice beasts
  A sky beast (D:8)
  A necrophage (D:8)
  A phantom (D:8)
  4 ogres
  The ghost of tidbits the Insei, an amateur GnTm (D:4)
  2 centaurs
  A big kobold (D:9)
  6 bullfrogs
  A gnoll sergeant (D:9)
  4 killer bees
  9 wights
  A crimson imp (D:7)
  2 quasits
  An orc priest (D:7)
  2 hounds
  3 jellies (D:9)
  A bullfrog skeleton (D:6)
  4 orc wizards
  2 iguanas
  6 worker ants
  A worker ant zombie (D:7)
  5 gnolls (D:9)
  5 adders
  A shadow imp (D:7)
  5 oozes (D:9)
  2 adder skeletons
  An adder zombie (D:5)
  2 worms
  4 leopard geckos
  16 orcs
  A bat (D:1)
  3 giant cockroaches
  A goblin (D:1)
  3 hobgoblins (D:1)
  7 jackals
  8 kobolds
  4 quokkas
  A ball python (D:3)
  2 frilled lizards
  4 goblin skeletons (D:9)
  5 hobgoblin zombies (D:9)
  2 kobold zombies (D:9)
  An orc skeleton (D:9)
  2 quokka zombies (D:7)
  6 rats
156 creatures vanquished.

Vanquished Creatures (others)
  3 spectral weapons
3 creatures vanquished.

Grand Total: 159 creatures vanquished

Notes
Turn   | Place    | Note
-------+----------+-------------------------------------------
     0 | D:1      | tidbits the Gnoll Skald began the quest for the Orb.
     0 | D:1      | Reached XP level 1. HP: 20/20 MP: 6/6
   160 | D:1      | Reached XP level 2. HP: 25/26 MP: 3/7
   164 | D:1      | Learned a level 2 spell: Song of Slaying
   167 | D:1      | Learned a level 2 spell: Shroud of Golubria
   336 | D:3      | Reached skill level 5 in Spellcasting
   336 | D:3      | Reached XP level 3. HP: 14/31 MP: 0/9
   342 | D:3      | Learned a level 3 spell: Regeneration
   346 | D:3      | Learned a level 3 spell: Spectral Weapon
   452 | D:4      | Reached skill level 1 in Invocations
   455 | D:5      | Entered Level 5 of the Dungeon
   474 | D:5      | Reached skill level 1 in Short Blades
   474 | D:5      | Reached skill level 1 in Long Blades
   474 | D:5      | Reached skill level 1 in Maces & Flails
   474 | D:5      | Reached skill level 1 in Polearms
   474 | D:5      | Reached skill level 1 in Staves
   474 | D:5      | Reached skill level 1 in Slings
   474 | D:5      | Reached skill level 1 in Bows
   474 | D:5      | Reached skill level 1 in Crossbows
   474 | D:5      | Reached skill level 1 in Throwing
   474 | D:5      | Reached skill level 1 in Stealth
   474 | D:5      | Reached skill level 1 in Shields
   474 | D:5      | Reached skill level 1 in Unarmed Combat
   474 | D:5      | Reached skill level 1 in Evocations
   474 | D:5      | Reached XP level 4. HP: 33/38 MP: 9/11
   481 | D:5      | Got a tattered robe
   492 | D:5      | Identified the cursed +0 robe of the Slorg {Str+5} (You found it on level 5 of the Dungeon)
   512 | D:5      | Noticed an ogre
   535 | D:4      | Reached skill level 1 in Conjurations
   535 | D:4      | Reached skill level 1 in Hexes
   535 | D:4      | Reached skill level 1 in Summonings
   535 | D:4      | Reached skill level 1 in Necromancy
   535 | D:4      | Reached skill level 1 in Translocations
   535 | D:4      | Reached skill level 1 in Transmutations
   535 | D:4      | Reached skill level 1 in Fire Magic
   535 | D:4      | Reached skill level 1 in Ice Magic
   535 | D:4      | Reached skill level 1 in Air Magic
   535 | D:4      | Reached skill level 1 in Earth Magic
   535 | D:4      | Reached skill level 1 in Poison Magic
   572 | D:4      | Reached XP level 5. HP: 27/43 MP: 4/12
   581 | D:4      | Noticed tidbits's ghost (amateur GnTm)
   592 | D:4      | Killed tidbits's ghost
   592 | D:4      | Reached skill level 3 in Armour
   595 | D:4      | Reached XP level 6. HP: 25/50 MP: 1/13
   613 | D:4      | Reached skill level 2 in Invocations
   755 | D:7      | Found Gealuff's Assorted Antiques.
   758 | D:7      | Bought a scroll labeled ROIDOSKALO for 30 gold pieces
   758 | D:7      | Bought a scroll labeled JODADA DUXTIRO for 30 gold pieces
   758 | D:7      | Bought a scroll labeled BORARCHA POMAC for 30 gold pieces
   773 | D:6      | Reached skill level 5 in Fighting
   773 | D:6      | Reached skill level 2 in Short Blades
   773 | D:6      | Reached skill level 2 in Long Blades
   773 | D:6      | Reached skill level 5 in Axes
   773 | D:6      | Reached skill level 2 in Maces & Flails
   773 | D:6      | Reached skill level 2 in Polearms
   773 | D:6      | Reached skill level 2 in Staves
   773 | D:6      | Reached skill level 2 in Slings
   773 | D:6      | Reached skill level 2 in Bows
   773 | D:6      | Reached skill level 2 in Crossbows
   773 | D:6      | Reached skill level 2 in Throwing
   773 | D:6      | Reached skill level 5 in Dodging
   773 | D:6      | Reached skill level 2 in Stealth
   773 | D:6      | Reached skill level 2 in Shields
   773 | D:6      | Reached skill level 2 in Unarmed Combat
   773 | D:6      | Reached skill level 2 in Evocations
   856 | D:6      | Reached XP level 7. HP: 56/56 MP: 4/15
   930 | D:7      | Reached skill level 2 in Conjurations
   930 | D:7      | Reached skill level 2 in Hexes
   930 | D:7      | Reached skill level 2 in Summonings
   930 | D:7      | Reached skill level 2 in Necromancy
   930 | D:7      | Reached skill level 2 in Translocations
   930 | D:7      | Reached skill level 2 in Transmutations
   930 | D:7      | Reached skill level 2 in Fire Magic
   930 | D:7      | Reached skill level 2 in Ice Magic
   930 | D:7      | Reached skill level 2 in Air Magic
   930 | D:7      | Reached skill level 2 in Earth Magic
   930 | D:7      | Reached skill level 2 in Poison Magic
   940 | D:7      | Reached skill level 3 in Invocations
   998 | D:7      | Found a sacrificial altar of Ru.
  1002 | D:7      | Found an iron altar of Okawaru.
  1040 | D:7      | Found Gem Simes's Armour Shoppe.
  1045 | D:7      | Bought a +0 pair of gloves for 63 gold pieces
  1067 | D:7      | Found a staircase to the Ecumenical Temple.
  1081 | Temple   | Entered the Ecumenical Temple
  1129 | Temple   | Became a worshipper of Cheibriados the Contemplative
  1194 | D:7      | Reached XP level 8. HP: 50/63 MP: 12/16
  1205 | D:7      | Reached skill level 6 in Charms
  1217 | D:7      | Found Elilutyk's Magic Scroll Boutique.
  1310 | D:7      | Reached skill level 3 in Short Blades
  1310 | D:7      | Reached skill level 3 in Long Blades
  1310 | D:7      | Reached skill level 3 in Maces & Flails
  1310 | D:7      | Reached skill level 3 in Polearms
  1310 | D:7      | Reached skill level 3 in Staves
  1310 | D:7      | Reached skill level 3 in Slings
  1310 | D:7      | Reached skill level 3 in Bows
  1310 | D:7      | Reached skill level 3 in Crossbows
  1310 | D:7      | Reached skill level 3 in Throwing
  1310 | D:7      | Reached skill level 4 in Armour
  1310 | D:7      | Reached skill level 3 in Stealth
  1310 | D:7      | Reached skill level 3 in Shields
  1310 | D:7      | Reached skill level 3 in Unarmed Combat
  1310 | D:7      | Reached skill level 3 in Evocations
  1364 | D:7      | Found Iruniefo's Weapon Boutique.
  1366 | D:7      | Found an opulent altar of Gozag.
  1368 | D:7      | Found an ancient bone altar of Kikubaaqudgha.
  1418 | D:8      | Noticed Gastronok
  1456 | D:7      | Found Fuoric's Antique Armour Boutique.
  1486 | D:8      | Reached * piety under Cheibriados
  1489 | D:8      | Reached skill level 6 in Spellcasting
  1656 | D:9      | Reached skill level 3 in Conjurations
  1656 | D:9      | Reached skill level 3 in Hexes
  1656 | D:9      | Reached skill level 3 in Summonings
  1656 | D:9      | Reached skill level 3 in Necromancy
  1656 | D:9      | Reached skill level 3 in Translocations
  1656 | D:9      | Reached skill level 3 in Transmutations
  1656 | D:9      | Reached skill level 3 in Fire Magic
  1656 | D:9      | Reached skill level 3 in Ice Magic
  1656 | D:9      | Reached skill level 3 in Air Magic
  1656 | D:9      | Reached skill level 3 in Earth Magic
  1656 | D:9      | Reached skill level 3 in Poison Magic
  1656 | D:9      | Reached skill level 4 in Invocations
  1716 | D:10     | Entered Level 10 of the Dungeon
  1768 | D:10     | Noticed a troll
  1772 | D:9      | Gained mutation: You occasionally shout uncontrollably at your foes. [potion of mutation]
  1772 | D:9      | Gained mutation: Your flesh is heat resistant. (rF+) [potion of mutation]
  1772 | D:9      | Gained mutation: Your muscles are strong. (Str +2) [potion of mutation]
  1772 | D:9      | Gained mutation: You are robust. (+10% HP) [potion of mutation]
  1798 | D:9      | Reached skill level 6 in Fighting
  1798 | D:9      | Reached skill level 6 in Axes
  1798 | D:9      | Reached skill level 6 in Dodging
  1798 | D:9      | Reached XP level 9. HP: 75/75 MP: 14/18
  1805 | D:9      | Killed a troll
  1824 | D:9      | Noticed a two-headed ogre
  1834 | D:9      | Killed a two-headed ogre
  1834 | D:9      | Reached skill level 4 in Short Blades
  1834 | D:9      | Reached skill level 4 in Long Blades
  1834 | D:9      | Reached skill level 4 in Maces & Flails
  1834 | D:9      | Reached skill level 4 in Polearms
  1834 | D:9      | Reached skill level 4 in Staves
  1834 | D:9      | Reached skill level 4 in Slings
  1834 | D:9      | Reached skill level 4 in Bows
  1834 | D:9      | Reached skill level 4 in Crossbows
  1834 | D:9      | Reached skill level 4 in Throwing
  1834 | D:9      | Reached skill level 5 in Armour
  1834 | D:9      | Reached skill level 4 in Stealth
  1834 | D:9      | Reached skill level 4 in Shields
  1834 | D:9      | Reached skill level 4 in Unarmed Combat
  1834 | D:9      | Reached skill level 4 in Evocations
  1845 | D:9      | Found a bloodstained altar of Trog.
  1876 | D:9      | Found a glowing golden altar of the Shining One.
  1879 | D:9      | Reached ** piety under Cheibriados
  1906 | D:9      | Found a flagged portal.
  1926 | Bailey   | Entered a bailey
  2022 | D:8      | Reached skill level 5 in Invocations
  2171 | D:9      | Reached XP level 10. HP: 84/84 MP: 20/20
  2188 | D:9      | Found a staircase to the Lair.
  2194 | D:9      | Reached skill level 7 in Spellcasting
  2194 | D:9      | Reached *** piety under Cheibriados
  2205 | D:9      | Reached skill level 4 in Conjurations
  2205 | D:9      | Reached skill level 4 in Hexes
  2205 | D:9      | Reached skill level 4 in Summonings
  2205 | D:9      | Reached skill level 4 in Necromancy
  2205 | D:9      | Reached skill level 4 in Translocations
  2205 | D:9      | Reached skill level 4 in Transmutations
  2205 | D:9      | Reached skill level 4 in Fire Magic
  2205 | D:9      | Reached skill level 4 in Ice Magic
  2205 | D:9      | Reached skill level 4 in Air Magic
  2205 | D:9      | Reached skill level 4 in Earth Magic
  2205 | D:9      | Reached skill level 4 in Poison Magic
  2313 | D:9      | Found Bylier's Antique Armour Shoppe.
  2353 | D:10     | Identified a scroll of acquirement
  2355 | D:10     | Got a pitted tin ring
  2357 | D:10     | Identified the ring of the Philosopher {rN+ Str+2} (You acquired it on level 10 of the Dungeon)
  2395 | D:11     | Reached skill level 5 in Short Blades
  2395 | D:11     | Reached skill level 5 in Long Blades
  2395 | D:11     | Reached skill level 5 in Maces & Flails
  2395 | D:11     | Reached skill level 5 in Polearms
  2395 | D:11     | Reached skill level 5 in Staves
  2395 | D:11     | Reached skill level 5 in Slings
  2395 | D:11     | Reached skill level 5 in Bows
  2395 | D:11     | Reached skill level 5 in Crossbows
  2395 | D:11     | Reached skill level 5 in Throwing
  2395 | D:11     | Reached skill level 5 in Stealth
  2395 | D:11     | Reached skill level 5 in Shields
  2395 | D:11     | Reached skill level 5 in Unarmed Combat
  2395 | D:11     | Reached skill level 5 in Evocations
  2417 | D:11     | Learned a level 4 spell: Petrify
  2458 | D:11     | Reached skill level 7 in Charms
  2468 | D:12     | Noticed a manticore
  2470 | D:12     | Reached skill level 7 in Fighting
  2470 | D:12     | Reached skill level 7 in Axes
  2470 | D:12     | Reached skill level 7 in Dodging
  2475 | D:12     | Killed a manticore
  2486 | D:12     | Reached skill level 6 in Armour
  2541 | D:11     | Noticed Urug
  2556 | D:11     | HP: 5/86 [Urug/enchanted demon trident (19)]
  2558 | D:11     | Demolished by Urug

Skill      XL: |  1  2  3  4  5  6  7  8  9 10 |
---------------+-------------------------------+-----
Spellcasting   | 5 6 7 |  7.4
Invocations    | 1 2 3 4 5 |  5.8
Short Blades   | 1 2 3 4 5 |  5.3
Long Blades    | 1 2 3 4 5 |  5.3
Maces & Flails | 1 2 3 4 5 |  5.3
Polearms       | 1 2 3 4 5 |  5.3
Staves         | 1 2 3 4 5 |  5.3
Slings         | 1 2 3 4 5 |  5.3
Bows           | 1 2 3 4 5 |  5.3
Crossbows      | 1 2 3 4 5 |  5.3
Throwing       | 1 2 3 4 5 |  5.3
Stealth        | 1 2 3 4 5 |  5.3
Shields        | 1 2 3 4 5 |  5.3
Unarmed Combat | 1 2 3 4 5 |  5.3
Evocations     | 1 2 3 4 5 |  5.3
Conjurations   | 1 2 3 4 |  4.4
Hexes          | 1 2 3 4 |  4.4
Summonings     | 1 2 3 4 |  4.4
Necromancy     | 1 2 3 4 |  4.4
Translocations | 1 2 3 4 |  4.4
Transmutations | 1 2 3 4 |  4.4
Fire Magic     | 1 2 3 4 |  4.4
Ice Magic      | 1 2 3 4 |  4.4
Air Magic      | 1 2 3 4 |  4.4
Earth Magic    | 1 2 3 4 |  4.4
Poison Magic   | 1 2 3 4 |  4.4
Armour         | 3 4 5 6 |  6.0
Fighting       | 5 6 7 |  7.1
Axes           | 5 6 7 |  7.1
Dodging        | 5 6 7 |  7.1
Charms         | 6 7 |  7.1

Action                   |  1- 3 |  4- 6 |  7- 9 | 10-12 || total
-------------------------+-------+-------+-------+-------++-------
Melee: Hand axe          |    59 |    39 |       |       ||    98
       Bite              |     2 |     6 |    23 |    12 ||    43
       War axe           |       |    13 |   134 |    50 ||   197
       Dagger            |       |       |    18 |     1 ||    19
       Punch             |       |       |     2 |     2 ||     4
Throw: Tomahawk          |       |     1 |     2 |       ||     3
 Cast: Infusion          |    10 |     2 |       |       ||    12
       Regeneration      |     1 |       |     2 |     1 ||     4
       Spectral Weapon   |       |     8 |    26 |    10 ||    44
       Shroud of Golubri |       |     2 |     5 |     2 ||     9
Invok: Bend Time         |       |       |       |     1 ||     1
Evoke: Wand              |       |       |     7 |    12 ||    19
  Use: Potion            |     1 |     2 |     5 |     2 ||    10
       Scroll            |       |     5 |     9 |     5 ||    19
 Stab: Invisible         |       |       |     6 |       ||     6
       Sleeping          |       |       |     5 |     2 ||     7
       Paralysed         |       |       |     4 |     4 ||     8
       Distracted        |       |       |     1 |     1 ||     2
  Eat: Ration            |       |     1 |     1 |       ||     2
       Chunk             |       |       |     1 |       ||     1
Armor: Leather armour    |     4 |       |    28 |    16 ||    48
       Robe              |       |     3 |    12 |       ||    15
Dodge: Dodged            |    39 |    28 |   163 |    80 ||   310

Table legend:
 A = Turns spent in this place as a percentage of turns spent in the entire game.
 B = Non-inter-level travel turns spent in this place as a percentage of non-inter-level travel turns spent in the entire game.
 C = Inter-level travel turns spent in this place as a percentage of turns spent in this place.
 D = Turns resting spent in this place as a percentage of non-inter-level travel turns spent in this place.
 E = Turns spent auto-exploring this place as a percentage of non-inter-level travel turns spent in this place.
 F = Non-inter-level travel turns spent in this place divided by the number of levels of this place that you've seen.
                   A       B       C       D       E      F
               +-------+-------+-------+-------+-------+----------------------
         Total | 100.0 | 100.0 |   1.7 |   0.0 |   0.0 | 179.6
       Dungeon |  96.8 |  96.7 |   1.7 |   0.0 |   0.0 | 202.8
        Temple |   3.0 |   3.1 |   0.0 |   0.0 |   0.0 |  77.0
        Bailey |   0.2 |   0.2 |   0.0 |   0.0 |   0.0 |   5.0
               +-------+-------+-------+-------+-------+----------------------

Table legend:
 A = Kills in this place as a percentage of kills in entire the game.
 B = Kills by you in this place as a percentage of kills by you in the entire game.
 C = Kills by friends in this place as a percentage of kills by friends in the entire game.
 D = Other kills in this place as a percentage of other kills in the entire game.
 E = Experience gained in this place as a percentage of experience gained in the entire game.
 F = Experience gained in this place divided by the number of levels of this place that you have seen.
                   A       B       C       D       E      F
               +-------+-------+-------+-------+-------+----------------------
         Total | 100.0 | 100.0 |   N/A |   N/A | 100.0 | 525.8
       Dungeon | 100.0 | 100.0 |   N/A |   N/A | 100.0 | 613.4
               +-------+-------+-------+-------+-------+----------------------

Vault maps used:
D:1:      erik_arrival_orb_chamber
D:2:      nicolae_overflow_crystal_walls, minmay_door_square
D:3:      kennysheep_path_1, nrook_mini_backslash
D:4:      kennysheep_mini_moat, nicolae_overflow_hidden_temple, first_ration
D:5:      lemuel_doored_altar, serial_bayou_pond_b
D:6:      kennysheep_little_box
D:7:      grunt_gozag_statues, minitemple, minmay_temple_entry_glass,
          serial_shops, nicolae_shop_trees, shop, shop, nicolae_shop_waterfront,
          shop, basic_altar
D:8:      nicolae_dithmenos_the_darkroom, uniq_gastronok
D:9:      minmay_distorted_concentric_squares, lemuel_crystal_altar,
          makhleb_altar_promises_db, nicolae_tso_besieged_by_evil,
          lair_entry_dummy, enter_bailey_2, serial_shops, shop,
          hangedman_little_slice_of_home
D:10:     orc_0_dummy
D:11:     uniq_urug
D:12:     uniq_snorg, uniq_harold
Temple:   dpeg_chambers_temple
Bailey:   bailey_polearm_2, bailey
